 Dungeon Crawl Stone Soup version 0.29.1-1-gd02db6906a (webtiles) character file.

Game seed: 10002465482180016329

81 gzilladon the Sneak (level 4, 0/31 HPs)
             Began as a Spriggan Enchanter on Sept 27, 2022.
             Slain by a gnoll
             ... wielding a +0 halberd
              (5 damage)
             ... on level 2 of the Dungeon.
             The game lasted 00:13:17 (4067 turns).

gzilladon the Sneak (Spriggan Enchanter)            Turns: 4067, Time: 00:13:22

Health: 0/31       AC: 22    Str:  4    XL:     4   Next: 20%
Magic:  9/9        EV:  4    Int: 16    God:
Gold:   48         SH:  0    Dex: 17    Spells: 8/8 levels left

rFire   . . .      SeeInvis +   a - +1 dagger
rCold   . . .      Faith    .   (no shield)
rNeg    . . .      Spirit   .   (body armour currently unavailable)
rPois   +          Reflect  .   (helmet currently unavailable)
rElec   .          Harm     .   (cloak currently unavailable)
rCorr   .          Rampage  .   (gloves unavailable)
Will    .....      NoTele   +   (boots unavailable)
Stlth   +++.......              (no amulet)
HPRegen 0.10/turn               (no ring)
MPRegen 0.11/turn               (no ring)

@: tree-form (expiring)
A: stationary, stasis, torment immunity, boosted hp, very small, no large
weapons, unfitting armour, see invisible, (speed 3)
a: no special abilities


You were on level 2 of the Dungeon.
You were a tree.
You visited 1 branch of the dungeon, and saw 2 of its levels.

You collected 48 gold pieces.

Inventory:

Hand Weapons
 a - a +1 dagger (weapon)
Missiles
 d - 7 stones (quivered)
Armour
 b - a +0 robe (melded)
Jewellery
 k - an amulet of magic regeneration
Scrolls
 g - a scroll of fear
 i - a scroll of amnesia
 j - a scroll of acquirement
Potions
 e - a potion of attraction


   Skills:
 + Level 0.1 Fighting
 + Level 2.1 Short Blades
 + Level 3.4 Dodging
 * Level 6.2 Stealth
 + Level 2.8 Spellcasting
 + Level 4.0 Hexes


You had 8 spell levels left.
You didn't know any spells.
Your spell library contained the following spells:

 Spells                   Type           Power      Damage    Failure   Level
 Confusing Touch          Hex            15%        N/A       11%         3
 Tukima's Dance           Hex            15%        N/A       11%         3
 Ensorcelled Hibernation  Hex/Ice        16%        N/A       13%         2
 Dazzling Flash           Conj/Hex       16%        N/A       26%         3
 Sublimation of Blood     Necr           2%         N/A       28%         2
 Petrify                  Tmut/Erth      2%         N/A       88%         4
 Irradiate                Conj/Tmut      1%         3d12      99%         5


Dungeon Overview and Level Annotations

Branches:
Dungeon (2/15)

Altars:

Shops:
D:2 (


Innate Abilities, Weirdness & Mutations

You are a tree.
Your roots penetrate the ground, keeping you stationary.
You cannot be teleported.
You are immune to unholy pain and torment.
Your maximum health is greatly increased.
Your equipment is partially melded.
You are very small and have problems with some larger weapons.
You are too small for most types of armour.
You have supernaturally acute eyesight. (SInv)
((You cover ground extremely quickly. (Speed+++)))


Message History

The gnoll hits you with a +0 halberd.
* * * LOW HITPOINT WARNING * * *
It was a potion of lignification.
You turn into a tree.
Your +0 robe melds into your body.
Your roots penetrate the ground.
The gnoll hits you but does no damage.
As you read the scroll labelled KALEMI ALUSYUV, it crumbles to dust.
You assume a fearsome visage.
The gnoll looks frightened!
It was a scroll of fear.
The gnoll shouts, "No!
I'll never do that again!"
The gnoll prays for help.
You start resting.
A gnoll is nearby!
You cannot move.
A gnoll is nearby!
You cannot move.
You cannot move.
A gnoll is nearby!
As you read the scroll of identify, it crumbles to dust.
i - a scroll of amnesia
As you read the scroll of identify, it crumbles to dust.
j - a scroll of acquirement The gnoll seems to regain its courage.
The gnoll throws a stone.
The stone hits you but does no damage.
The gnoll throws a stone.
The stone barely misses you.
The gnoll throws a stone.
The stone hits you but does no damage.
The gnoll throws a stone.
The stone hits you but does no damage. The gnoll hits you but does no damage.
The gnoll throws a stone.
The stone barely misses you. The gnoll hits you but does no damage.
The gnoll hits you but does no damage.
Your transformation is almost over.
The gnoll hits you but does no damage.
You cannot move.
You cannot move.
Throw: 8 stones
Press: ? - help, Q - select action Shift-Dir - straight line, f/p - gnoll
Aim: a gnoll, wielding a +0 halberd and quivering stones (lightly wounded, 63% to hit)
You throw a stone. The stone closely misses the gnoll.
The gnoll hits you from afar with a +0 halberd.
You die...

###..#.....#†..........#
#...#
##.#.................#
#...#
#.#.÷...............#
...
#...................#
#.#
###....>............#
#.# #.....#...........#
#.#
###.....#.g.........#
#.#
#.......#...........#
#.#.
#.#.#####.♣.........#
#.#. ##.....
#...........# #.#.
.#.?.###. #...........#
#.#. ..#..#..
#...........# #.#.
#.##SS.# ##
#...........# #.#. #.#
J.##..# #############
#.#. #.. ..#..# #.#.
#.###....### #.#<
#..........# #.##


You could see a gnoll.

Vanquished Creatures
  3 adders (D:2)
  2 worms (D:2)
  5 dart slugs
  2 bats (D:1)
  7 endoplasms
  5 giant cockroaches
  A goblin (D:1)
  2 hobgoblins
  2 quokkas (D:1)
  4 ball pythons
  2 frilled lizards
  A kobold (D:2)
  4 rats
40 creatures vanquished.

Notes
Turn   | Place    | Note
-------+----------+-------------------------------------------
     0 | D:1      | gzilladon the Spriggan Enchanter began the quest for the
                  | Orb.
     0 | D:1      | Reached XP level 1. HP: 9/9 MP: 5/5
   993 | D:1      | Reached XP level 2. HP: 13/13 MP: 6/6
  1016 | D:1      | Reached skill level 5 in Stealth
  1871 | D:1      | Reached XP level 3. HP: 12/16 MP: 8/8
  3774 | D:2      | Found Dit Ocox's Weapon Shop.
  3812 | D:2      | Reached skill level 6 in Stealth
  3867 | D:2      | Reached XP level 4. HP: 21/21 MP: 9/9
  4034 | D:2      | HP: 1/21 [gnoll/+0 halberd (6)]
  4054 | D:2      | Identified a scroll of acquirement
  4067 | D:2      | Slain by a gnoll

Illustrated notes

Levels and vault maps discovered:
D:1:      dpeg_arrival_prison, layout_basic,
          shapermc_ecumenical_altar_hornbeckon
D:2:      layout_basic, serial_shops, shop, minmay_tetromino_t4

Skill      XL: |  1  2  3 |
---------------+----------+-----
Stealth        | 5 6 |  6.2
Dodging        | 3 |  3.4
Hexes          | 4 |  4.0
Short Blades   | 2 |  2.1
Fighting       | |  0.1
Spellcasting   | |  2.8

Action                   |  1- 3 |  4- 6 || total
-------------------------+-------+-------++-------
Melee: Dagger            |   155 |    14 ||   169
       Punch             |     2 |       ||     2
Throw: Stone             |     3 |     6 ||     9
  Use: Potion            |     2 |     1 ||     3
       Scroll            |       |     4 ||     4
 Stab: Sleeping          |    17 |       ||    17
       Invisible         |     1 |       ||     1
Armor: Robe              |    17 |     2 ||    19
       Skin              |       |     8 ||     8
Dodge: Dodged            |    96 |    14 ||   110
